details: 'YGed'

« prev index next »

General information

Mini Map

Players

team 1
Humanifukedyourgurl (teal | 116 APM | 649 actions | 05:35)
Hero icon 2 Archmage
Ability icon 1 Summon Water Elemental
Ability icon 1 Brilliance Aura

» actions
Assign group hotkey16
Basic commands92
Build / train28
ESC pressed5
Enter build submenu11
Enter hero's abilities submenu2
Right click173
Select / deselect62
Select group hotkey240
Use ability20
649 total
» units
Peasant7
Footman8
Rifleman1
16 total
» upgrades
Defend1
1 total
» buildings
Altar of Kings1
Farm4
Barracks1
Scout Tower1
Arcane Tower2
Keep3
Arcane Vault1
Blacksmith1
14 total
» build order
00:08 Altar of Kings
00:24 Farm
00:37 Barracks
00:56 Farm
01:36 Scout Tower
01:55 Farm
02:20 Arcane Tower
02:20 Arcane Tower
03:15 Keep
03:15 Keep
03:23 Farm
03:40 Arcane Vault
03:58 Blacksmith
team 2
NightElfElfanffid (red | 160 APM | 881 actions | 05:29)
Hero icon 2 Demon Hunter
Ability icon 1 Mana Burn
Ability icon 1 Evasion

» actions
Assign group hotkey4
Basic commands95
Build / train19
ESC pressed3
Enter build submenu7
Enter hero's abilities submenu2
Right click377
Select / deselect171
Select group hotkey185
Use ability18
881 total
» units
Wisp7
Archer5
12 total
» buildings
Altar of Elders1
Ancient of War1
Moon Well2
Tree of Ages4
Hunter's Hall1
9 total
» build order
00:04 Altar of Elders
00:09 Ancient of War
00:20 Moon Well
02:34 Tree of Ages
02:34 Tree of Ages
02:34 Tree of Ages
03:09 Moon Well
03:32 Hunter's Hall